 Dungeon Crawl Stone Soup version 0.17.1-2-g5865329 (webtiles) character file.

537 PossumBlood the Thaumaturge (level 7, -2/36 HPs)
             Began as a Deep Elf Wizard on Jan 23, 2016.
             Slain by an ice beast (10 damage)
             ... on level 4 of the Dungeon.
             The game lasted 00:13:10 (3807 turns).

PossumBlood the Thaumaturge (Deep Elf Wizard)       Turns: 3807, Time: 00:13:13

Health: -2/36      AC: 12    Str:  4    XL:     7   Next: 5%
Magic:  0/20       EV: 12    Int: 25    God:
Gold:   159        SH:  0    Dex: 13    Spells: 6 memorised, 9 levels left

rFire  . . .     SeeInvis .     g - +0 dagger (protect)
rCold  . . .     Clarity  .     a - +0 robe
rNeg   . . .     SustAt   .     (no shield)
rPois  +         Gourm    .     b - +2 hat
rElec  .         Spirit   .     (no cloak)
rCorr  .         Warding  .     f - +2 pair of gloves
rMut   .         Stasis   .     (no boots)
MR     .....                    n - amulet of rage
Stlth  +.........               q - ring of poison resistance
                                d - ring of loudness (curse)

@: slowed, repel missiles, very slow, not resistant to hostile enchantments,
very unstealthy
A: no striking features
a: Evoke Berserk Rage


You were on level 4 of the Dungeon.
You were not hungry.

You visited 1 branch of the dungeon, and saw 5 of its levels.

You collected 159 gold pieces.

Inventory:

Hand Weapons
 g - a +0 dagger of protection (weapon)
Armour
 a - a +0 robe (worn)
 b - a +2 hat (worn)
 f - a +2 pair of gloves (worn)
Jewellery
 d - a cursed ring of loudness (left hand)
 j - an uncursed ring of wizardry
 k - an uncursed ring of wizardry
 n - an amulet of rage (around neck)
 q - a ring of poison resistance (right hand)
Scrolls
 e - a scroll of remove curse
 h - a scroll of enchant armour
 i - a scroll of identify
 l - 3 scrolls of teleportation
 m - a scroll of recharging
Books
 c - a book of Minor Magic

   Spells                             Type                      Level
   a - Magic Dart                     Conjuration                  1
   b - Blink                          Translocation                2
   c - Call Imp                       Summoning                    2
   d - Repel Missiles                 Charms/Air                   2
   e - Slow                           Hexes                        2
   f - Conjure Flame                  Conjuration/Fire             3
   g - Mephitic Cloud                 Conjuration/Poison/Air       3
 t - a book of Burglary

   Spells                             Type                      Level
   a - Swiftness                      Charms/Air                   2
   b - Passwall                       Transmutation/Earth          3
   c - Passage of Golubria            Translocation                4
   d - Lee's Rapid Deconstruction     Earth                        5
   e - Darkness                       Hexes                        6
   f - Invisibility                   Hexes                        6
Comestibles
 r - 2 meat rations


   Skills:
 - Level 2.4 Dodging
 - Level 2.4 Stealth
 + Level 8.1 Spellcasting
 + Level 5.8 Conjurations
   Level 1.1 Summonings
 - Level 1.1 Translocations


You had 9 spell levels left.
You knew the following spells:

 Your Spells              Type           Power        Failure   Level  Hunger
a - Magic Dart            Conj           ####         1%          1    None
b - Blink                 Tloc           N/A          8%          2    None
c - Repel Missiles        Chrm/Air       ##....       10%         2    None
d - Slow                  Hex            ##......     10%         2    None
e - Conjure Flame         Conj/Fire      ###.....     8%          3    None
f - Mephitic Cloud        Conj/Pois/Air  ###.....     12%         3    None


Dungeon Overview and Level Annotations

Branches:
Dungeon (5/15)
 Temple: D:4-7

Altars:
Ashenzari
Fedhas
Gozag
Qazlal
Trog
The Shining One

Annotations:
D:5 PossumBlood's ghost, amateur DEWz


Message History

The ice beast closely misses you.
You closely miss the ice beast.
The ice beast is severely wounded.
The ice beast hits you. The ice beast freezes you!
The ice beast hits you but does no damage.
You closely miss the ice beast.
The ice beast is severely wounded.
The ice beast hits you but does no damage.
Casting: Magic Dart
Confirm with . or Enter, or press ? or * to list all spells.
Aiming: Magic Dart
Press: ? - help, Shift-Dir - straight line, f/p - ice beast
Aim: an ice beast (severely wounded)
The magic dart hits the ice beast.
The ice beast is almost dead.
The ice beast hits you but does no damage.
The ice beast hits you.
* * * LOW HITPOINT WARNING * * *
The ice beast freezes you!
You die...

######.# ....##.#
###.##.# ###....#
.....#############
###..............#
#..###########.#
#..# #Y# #..# #@#
### #..#
#.#####.## #..#
#......#.# #..#
#######.## #..#
#.# ###..# #.#
.##..# ### #.#
.....#######.##
#(#
.##...........##
#.#


You could see an ice beast.

Vanquished Creatures
  Eustachio (D:4)
  A scorpion (D:4)
  A crimson imp (D:4)
  A hound (D:4)
  Ijyb (D:2)
  A worker ant (D:4)
  A hound skeleton (D:4)
  4 gnolls (D:3)
  9 adders
  A shadow imp (D:3)
  2 oozes (D:3)
  An adder skeleton (D:4)
  2 worms
  6 orcs
  A ball python (D:4)
  2 giant cockroaches
  7 goblins
  9 hobgoblins
  6 jackals
  2 quokkas
  7 bats
  4 giant geckos
  A giant gecko skeleton (D:4)
  3 giant newts
  6 kobolds
  7 rats
87 creatures vanquished.

Notes
Turn   | Place    | Note
--------------------------------------------------------------
     0 | D:1      | PossumBlood the Deep Elf Wizard began the quest for the Orb.
     0 | D:1      | Reached XP level 1. HP: 10/10 MP: 7/7
   189 | D:1      | Reached XP level 2. HP: 15/15 MP: 4/9
   195 | D:1      | Learned a level 2 spell: Blink
   198 | D:1      | Learned a level 2 spell: Repel Missiles
   201 | D:1      | Learned a level 2 spell: Slow
   450 | D:1      | Reached skill level 5 in Spellcasting
   729 | D:2      | Reached XP level 3. HP: 19/19 MP: 6/11
   919 | D:2      | Noticed Ijyb
   930 | D:2      | Killed Ijyb
  1017 | D:2      | Learned a level 3 spell: Conjure Flame
  1021 | D:2      | Learned a level 3 spell: Mephitic Cloud
  1219 | D:2      | Reached XP level 4. HP: 24/24 MP: 10/13
  1802 | D:3      | Found an opulent altar of Gozag.
  1808 | D:3      | Reached skill level 6 in Spellcasting
  1966 | D:3      | Reached XP level 5. HP: 28/28 MP: 2/15
  2147 | D:3      | Found a blossoming altar of Fedhas.
  2268 | D:3      | Found a shattered altar of Ashenzari.
  2493 | D:4      | Found a stormy altar of Qazlal.
  2718 | D:4      | Found a bloodstained altar of Trog.
  2745 | D:4      | Reached skill level 7 in Spellcasting
  2745 | D:4      | Reached XP level 6. HP: 32/32 MP: 10/18
  3014 | D:4      | Reached skill level 5 in Conjurations
  3028 | D:4      | Found a glowing golden altar of the Shining One.
  3227 | D:4      | Noticed Eustachio
  3381 | D:4      | Killed Eustachio
  3577 | D:4      | Reached skill level 8 in Spellcasting
  3577 | D:4      | Reached XP level 7. HP: 36/36 MP: 10/20
  3669 | D:5      | Entered Level 5 of the Dungeon
  3669 | D:5      | Noticed PossumBlood's ghost (amateur DEWz)
  3807 | D:4      | Slain by an ice beast

Action                   |  1- 3 |  4- 6 |  7- 9 || total
-------------------------+-------+-------+-------++-------
Melee: Dagger            |       |    19 |     6 ||    25
 Cast: Magic Dart        |    63 |   173 |    35 ||   271
       Repel Missiles    |     1 |       |       ||     1
  Use: Scroll            |       |    10 |       ||    10
       Potion            |       |     2 |       ||     2
  Eat: Bread ration      |     1 |       |       ||     1
       Fruit             |       |     4 |     1 ||     5
